 Dungeon Crawl Stone Soup version 0.31-a0-879-g1609e0ac53 (webtiles) character file.

Game seed: 9815647094001929333

8440 mortress the Fighter (level 11, 0/85 (90) HPs)
             Began as a Demonspawn Gladiator on Oct 14, 2023.
             Was a Believer of Ashenzari.
             Slain by a spectral orc warrior
             ... wielding a +0 dire flail
             ... summoned by Nergalle
              (4 damage)
             ... on level 10 of the Dungeon.
             The game lasted 00:43:12 (11391 turns).

mortress the Fighter (Demonspawn Gladiator)        Turns: 11391, Time: 00:43:12

HP:   0/85 (90)     AC:  7    Str: 20    XL:     11   Next: 9%
MP:   18/18         EV: 29    Int:  9    God:    Ashenzari [**....]
Gold: 711           SH:  0    Dex: 23    Spells: 16/20 levels left

rFire   . . .        u - +2 dagger of Duqea {pain, Str+3 Stlth+}
rCold   . . .        (no shield)
rNeg    . . .        b - +0 leather armour of the Bound Prison {Melee, Range} (curse)
rPois   .            (helmet restricted)
rElec   .            (no cloak)
rCorr   .            A - +0 pair of gloves "Vision of Ashenzari" {Range, Self} (curse)
SInv    +            T - +1 pair of boots {Fly}
Will    .....        j - amulet of Ashenzari's Irritation {Acrobat, Bglg, Melee} (curse)
Stlth   ++++++++     y - ring "I Foresaw This" {EV+5, Fort, Self} (curse)
HPRegen 0.34/turn    C - +5 ring of evasion
MPRegen 0.16/turn

%: acrobat
@: agile, lethally poisoned (0 -> -5), flying, drained
A: horns 2, thin skeletal structure 3, demonic guardian 2, powered by pain 1
a: Renounce Religion, Curse Item, Shatter the Chains


You were on level 10 of the Dungeon.
You worshipped Ashenzari.
Ashenzari was pleased with you.
You visited 1 branch of the dungeon, and saw 10 of its levels.
You also visited: Sewer and Bailey.

You collected 711 gold pieces.

Inventory:

Hand Weapons
 u - the +2 dagger of Duqea (weapon) {pain, Str+3 Stlth+}
   (You found it on level 9 of the Dungeon)

   Str+3:     It affects your strength (+3).
   Stlth+:    It makes you more stealthy.
 X - a +1 dagger of electrocution
Missiles
 a - 29 boomerangs (quivered)
 d - 2 throwing nets
 e - a javelin
 g - 4 atropa-tipped darts
 n - 2 curare-tipped darts
 P - 13 poisoned darts
Armour
 b - the cursed +0 leather armour of the Bound Prison (worn) {Melee, Range}

   It has a curse which improves the following skills: Melee Combat: Short
   Blades, Long Blades, Axes, Maces & Flails, Polearms, Staves and Unarmed
   Combat.
   Ranged Combat: Ranged Weapons and Throwing.
 A - the cursed +0 pair of gloves "Vision of Ashenzari" (worn) {Range, Self}
   (You found it on level 4 of the Dungeon)

   It has a curse which improves the following skills: Ranged Combat: Ranged
   Weapons and Throwing.
   Introspection: Fighting and Spellcasting.
 Q - a +0 cloak
 T - a +1 pair of boots of flying (worn)
Magical Staves
 U - a staff of poison
Jewellery
 j - the cursed amulet of Ashenzari's Irritation (around neck) {Acrobat, Bglg, Melee}
   (You found it on level 2 of the Dungeon)

   [amulet of the acrobat]

   Acrobat:   It increases your evasion while moving and waiting.
   It has a curse which improves the following skills: Beguiling: Conjurations,
   Hexes and Translocations.
   Melee Combat: Short Blades, Long Blades, Axes, Maces & Flails, Polearms,
   Staves and Unarmed Combat.
 y - the cursed ring "I Foresaw This" (left hand) {EV+5, Fort, Self}
   (You found it on level 4 of the Dungeon)

   [ring of evasion]

   EV+5:      It affects your evasion (+5).
   It has a curse which improves the following skills: Fortitude: Armour and
   Shields.
   Introspection: Fighting and Spellcasting.
 C - a +5 ring of evasion (right hand)
 F - a ring of positive energy
 H - an amulet of guardian spirit
 J - a +4 ring of protection
Wands
 m - a wand of paralysis (8)
 B - a wand of digging (7)
 V - a wand of flame (18)
Scrolls
 c - a scroll of vulnerability
 f - 4 scrolls of noise
 k - a scroll of revelation
 o - 6 scrolls of identify
 p - a scroll of enchant weapon
 q - 6 scrolls of teleportation
 r - a scroll of blinking
 s - 2 scrolls of immolation
 v - a scroll of silence
 w - 2 scrolls of fear
 E - 2 scrolls of enchant armour
 G - a scroll of amnesia
 I - a scroll of summoning
 L - a scroll of acquirement
 W - a scroll of poison
Potions
 h - 2 potions of degeneration
 i - 2 potions of attraction
 l - a potion of haste
 t - 6 potions of curing
 x - a potion of mutation
 z - a potion of might
 D - 2 potions of lignification
 K - 2 potions of heal wounds
 M - a potion of resistance
 N - a potion of magic
 O - a potion of brilliance
 R - 3 potions of enlightenment
 S - a potion of invisibility


   Skills:
 + Level 8.0(9.8) Fighting
 + Level 6.8(8.6) Short Blades
 - Level 3.1(4.6) Axes
 - Level 3.6(5.1) Throwing
 + Level 7.0(8.2) Armour
 - Level 4.0 Dodging
 + Level 7.6 Stealth
 - Level 3.4(5.0) Spellcasting
 + Level 0.4 Necromancy
 - Level 3.9(5.0) Translocations


You had 16 spell levels left.
You knew the following spells:

 Your Spells              Type           Power      Damage    Failure   Level
a - Blink                 Tloc           22%        N/A       5%          2
b - Cigotuvi's Dreadful   Necr/Pois/Air  4%         N/A       38%         2

Your spell library contained the following spells:

 Spells                   Type           Power      Damage    Failure   Level
 Apportation              Tloc           22%        N/A       3%          1
 Lesser Beckoning         Tloc           22%        N/A       5%          2
 Momentum Strike          Conj/Tloc      12%        3d8       16%         2
 Jinxbite                 Hex            4%         N/A       38%         2
 Wereblood                Tmut           2%         N/A       38%         2
 Ignite Poison            Fire/Tmut/Pois 2%         N/A       63%         3
 Inner Flame              Hex/Fire       2%         N/A       63%         3
 Anguish                  Hex/Necr       1%         N/A       94%         4
 Dispel Undead            Necr           2%         3d7       94%         4
 Animate Armour           Summ/Erth      4%         N/A       95%         4
 Cause Fear               Hex            1%         N/A       95%         4
 Sticky Flame             Conj/Fire      2%         2d3       95%         4
 Summon Lightning Spire   Summ/Air       2%         N/A       95%         4
 Alistair's Intoxication  Tmut/Pois      1%         N/A       100%        5
 Irradiate                Conj/Tmut      1%         3d12      100%        5
 Death Channel            Necr           1%         N/A       100%        6
 Starburst                Conj/Fire      1%         6d3       100%        6
 Enfeeble                 Hex            1%         N/A       100%        7
 Ignition                 Fire           1%         3d3       100%        8


Dungeon Overview and Level Annotations

Branches:
Dungeon (10/15)            Temple (0/1) D:6           Sewer (visited)
 Bailey (visited)
   Lair: D:8-11         Orc: D:9-12

Altars:
Ashenzari
Kikubaaqudgha
Makhleb
Nemelex Xobeh
Okawaru
Qazlal
Trog

Shops:
D:6 *

Annotations:
D:10 Nergalle


Innate Abilities, Weirdness & Mutations

You have a pair of horns on your head.
You have an unnaturally thin skeletal structure. (Dex +6, Stealth+++)
A demonic guardian rushes to your aid.
You sometimes gain a little power by taking damage.


Message History

You hit Nergalle but do no damage.
Nergalle is severely wounded.
You feel sick.
Nergalle is engulfed in a cloud of scalding steam.
Nergalle points at you and mumbles some strange words.
Orcish apparitions take form around you.
Unknown command.
You closely miss Nergalle. You headbutt Nergalle.
Nergalle is almost dead.
You feel sick. The spectral orc barely misses you.
The spectral orc knight hits you with a +2 war axe.
The spectral orc warrior completely misses you.
Unknown command.
You closely miss Nergalle. Your headbutt misses Nergalle.
Nergalle is almost dead.
You feel sick. Nergalle hits you but does no damage.
The spectral orc warrior closely misses you.
Unknown command.
Aiming: Throw Flame
Press: ? - help, Shift-Dir - straight line, f/p - Nergalle
Aim: Nergalle, wielding a +2 dagger of venom and wearing a +1 robe of positive energy (almost dead, 64% to hit)
The puff of flame hits Nergalle but does no damage.
Nergalle is almost dead.
You feel sick.
The spectral orc hits you with a +0 dagger.
The spectral orc warrior misses you.
The spectral orc knight hits you with a +2 war axe!!
* * * LOW HITPOINT WARNING * * *
A demonic guardian appears!
Nergalle splashes around in the water.
The spectral orc warrior completely misses you.
You hit Nergalle but do no damage.
Nergalle is almost dead.
You feel sick.
The spectral orc hits you but does no damage.
The spectral orc warrior hits you with a +0 dire flail!
* * * LOW HITPOINT WARNING * * *
You focus on the pain.
You feel agile all of a sudden.
You feel drained.
You die...

#........ #...♣~~~~
♣...# ##########...~~#
o...# .........#...~#
~...# #.#......'...~#
~...+ #.#.....##...~##
##~...#
#.#.....##...~~###~~...#
#.#.....##...♣~~Zo~♣...#
#.#.....##....4.@Z.....#
..'.....+#......ZZ.....#
#.#.....##.............#
#.#.....########+#######
#.#.....# #.####### #.#
#.# #.#


You could see Nergalle, a spectral orc (summoned), 2 spectral orc warriors, a
spectral orc knight (summoned) and a friendly rust devil (summoned).

Vanquished Creatures
  Amaemon (D:8)
  A skeletal warrior (D:9)
  Maggie (D:8)
  Prince Ribbit (D:7)
  Sigmund (D:4)
  4 wraiths
  A vampire (D:9)
  2 unseen horror simulacra (D:9)
  Menkaure (D:5)
  A water moccasin (D:8)
  Duvessa (D:4)
  4 black bears
  11 orc warriors
  2 ice beasts
  A sky beast (D:4)
  3 ogres
  6 centaurs
  A phantom (D:7)
  4 kobold brigands
  2 bullfrogs
  A gnoll sergeant (D:9)
  2 scorpions
  8 wights
  Dowan (D:4)
  10 killer bees
  A howler monkey (D:4)
  3 hounds
  2 sleepcaps
  2 gnoll boudas (D:7)
  2 jellies
  4 orc priests
  Ijyb (D:3)
  3 iguanas
  An orc wizard (D:9)
  A centaur simulacrum (D:9)
  A spectral howler monkey (D:9)
  14 gnolls
  6 adders
  A river rat (Sewer)
  A shadow imp (D:5)
  2 ufetubi (D:5)
  11 worms
  6 dart slugs
  28 orcs
  10 ball pythons
  5 bats
  7 endoplasms
  10 giant cockroaches
  11 goblins
  8 hobgoblins
  9 jackals
  38 kobolds
  7 quokkas
  4 frilled lizards
  6 rats
276 creatures vanquished.

Vanquished Creatures (collateral kills)
  An orange demon (D:8)
  A steam dragon (D:8)
  A kobold (D:4)
3 creatures vanquished.

Grand Total: 279 creatures vanquished

Notes
Turn   | Place    | Note
-------+----------+-------------------------------------------
     0 | D:1      | mortress the Demonspawn Gladiator began the quest for the
                  | Orb.
     0 | D:1      | Reached XP level 1. HP: 16/16 MP: 1/1
   180 | D:1      | Gained mutation: You have a pair of small horns on your
                  | head. [demonic ancestry]
   180 | D:1      | Reached XP level 2. HP: 21/22 MP: 2/2
   324 | D:1      | Reached skill level 1 in Stealth
   324 | D:1      | Gained mutation: You have a somewhat thin skeletal
                  | structure. (Dex +2, Stealth+) [demonic ancestry]
   324 | D:1      | Reached XP level 3. HP: 11/28 MP: 3/3
   575 | D:1      | Reached skill level 1 in Armour
  1151 | D:2      | Reached XP level 4. HP: 27/34 MP: 4/4
  1507 | D:3      | Found a faded altar of an unknown god.
  1684 | D:3      | Found a sparkling altar of Nemelex Xobeh.
  1749 | D:3      | You fall into a shaft and drop 1 floor!
  1939 | D:3      | Found a broken altar of Ashenzari.
  1957 | D:3      | Noticed an ogre
  1960 | D:3      | Noticed Ijyb
  1971 | D:3      | Paralysed by Ijyb for 4 turns
  1980 | D:3      | Killed Ijyb
  1985 | D:3      | Killed an ogre
  1986 | D:3      | Reached skill level 3 in Fighting
  1986 | D:3      | Reached skill level 1 in Short Blades
  1986 | D:3      | Gained mutation: You have a moderately thin skeletal
                  | structure. (Dex +4, Stealth++) [demonic ancestry]
  1986 | D:3      | Reached XP level 5. HP: 28/41 MP: 5/5
  2082 | D:3      | Became a worshipper of Ashenzari the Shackled
  2428 | D:4      | Found an ancient bone altar of Kikubaaqudgha.
  2457 | D:4      | Gained mutation: A weak demonic guardian rushes to your
                  | aid. [demonic ancestry]
  2457 | D:4      | Reached XP level 6. HP: 27/47 MP: 6/6
  2561 | D:4      | Found a stormy altar of Qazlal.
  2561 | D:4      | Noticed a sky beast
  2569 | D:4      | Killed a sky beast
  2835 | D:4      | Found a burning altar of Makhleb.
  2835 | D:4      | Noticed a balrug
  2838 | D:4      | Noticed a smoke demon
  2838 | D:4      | Noticed a neqoxec
  2983 | D:4      | Noticed Sigmund
  3001 | D:4      | Killed Sigmund
  3002 | D:4      | Gained mutation: You sometimes gain a little power by
                  | taking damage. [demonic ancestry]
  3002 | D:4      | Reached XP level 7. HP: 18/53 MP: 7/7
  3211 | D:4      | Noticed Dowan
  3229 | D:4      | Noticed Duvessa
  3233 | D:4      | Killed Dowan
  3258 | D:4      | Killed Duvessa
  3259 | D:4      | Reached skill level 4 in Fighting
  3473 | D:4      | Gained mutation: You have a pair of horns on your head.
                  | [demonic ancestry]
  3473 | D:4      | Reached XP level 8. HP: 57/61 MP: 8/8
  3999 | D:5      | Entered Level 5 of the Dungeon
  4102 | D:5      | Noticed Menkaure
  4116 | D:5      | Killed Menkaure
  4420 | D:5      | Reached skill level 5 in Fighting
  4517 | D:5      | Reached * piety under Ashenzari
  4938 | D:6      | Found Jobounyh's Evil Emporium.
  4954 | D:6      | Reached skill level 5 in Stealth
  5089 | D:6      | Reached ** piety under Ashenzari
  5126 | D:6      | Gained mutation: A demonic guardian rushes to your aid.
                  | [demonic ancestry]
  5126 | D:6      | Reached XP level 9. HP: 71/72 MP: 9/9
  5387 | D:6      | Found a glowing drain.
  5399 | Sewer    | Entered a sewer
  5419 | Sewer    | Identified a scroll of acquirement
  5599 | Sewer    | Reached skill level 6 in Fighting
  5864 | D:6      | Found a staircase to the Ecumenical Temple.
  5986 | D:6      | Learned a level 2 spell: Blink
  6049 | D:7      | Identified the Parchment of Creative Lava
  6196 | D:7      | Reached skill level 5 in Armour
  6332 | D:7      | Noticed a moth of wrath
  6335 | D:7      | Found a bloodstained altar of Trog.
  6560 | D:7      | Reached skill level 1 in Spellcasting
  6560 | D:7      | Reached skill level 1 in Translocations
  6637 | D:7      | Noticed Prince Ribbit
  6642 | D:7      | Killed Prince Ribbit
  6643 | D:7      | Reached skill level 5 in Short Blades
  7110 | D:7      | Noticed an angel
  7158 | D:8      | Found a flagged portal.
  7168 | Bailey   | Entered a bailey
  7505 | Bailey   | Gained mutation: You have an unnaturally thin skeletal
                  | structure. (Dex +6, Stealth+++) [demonic ancestry]
  7505 | Bailey   | Reached XP level 10. HP: 21/82 MP: 15/15
  8427 | D:8      | Reached skill level 7 in Fighting
  8562 | D:8      | Noticed Maggie
  8565 | D:8      | Killed Maggie
  8780 | D:8      | Noticed Amaemon
  8780 | D:8      | Noticed an orange demon
  8812 | D:8      | Killed an orange demon
  9478 | D:8      | Killed Amaemon
 10850 | D:9      | Found an iron altar of Okawaru.
 11069 | D:9      | Noticed a skeletal warrior
 11070 | D:9      | Identified the +2 dagger of Duqea {pain, Str+3 Stlth+}
 11152 | D:9      | Killed a skeletal warrior
 11153 | D:9      | Reached XP level 11. HP: 90/90 MP: 18/18
 11158 | D:9      | Reached skill level 8 in Fighting
 11210 | D:9      | Learned a level 2 spell: Cigotuvi's Dreadful Rot
 11285 | D:10     | Entered Level 10 of the Dungeon
 11369 | D:10     | Noticed Nergalle
 11391 | D:10     | HP: 4/87 [spectral orc warrior/+0 dire flail[Nergalle] (9)]
 11391 | D:10     | Slain by a spectral orc warrior

Illustrated notes

Levels and vault maps discovered:
D:1:      heliophobic_arrival_enchanted_forest, layout_basic, minmay_cut_off
D:2:      layout_basic, minmay_misc_feat_hallway, corexii_leaking_fountain
D:3:      minmay_roachtagon, layout_rooms, ashenzari_altar_1,
          nemelex_diamond_rough_becter, nicolae_ecumenical_snake_handling,
          uniq_ijyb
D:4:      layout_loops_corners, makhleb_altar_promises_db,
          nicolae_qazlal_beasts_of_the_sky, overflow_temple_1_default,
          uniq_sigmund, uniq_duvessa
D:5:      layout_rooms, chequers_serial_rivers_large_b, serial_bayou_crossing,
          uniq_menkaure
D:6:      layout_loops_ring, lemuel_tele_altar, minmay_temple_entry_metal_lava,
          portal_sewer_entry_f, minivault_27, nicolae_evil_shop
D:7:      black_bear_nest_2, layout_basic, zin_angel, tgw_trog,
          uniq_prince_ribbit1
D:8:      layout_cave_pods, enter_bailey_2, uniq_maggie, uniq_amaemon
D:9:      layout_rooms, general_overflow_altar, dilly_guarded_unrand_morg
D:10:     layout_basic, hellmonk_lair_entry_icy, kennysheep_path_1, uniq_harold,
          uniq_psyche, uniq_erica, uniq_josephine, uniq_nergalle

Skill      XL: |  1  2  3  4  5  6  7  8  9 10 11 |
---------------+----------------------------------+-----
Throwing       | 2 3 |  3.6
Axes           | 3 |  3.1
Stealth        | 1 2 3 5 6 7 |  7.6
Armour         | 1 2 3 4 5 6 7 |  7.0
Fighting       | 3 4 5 6 7 8 |  8.0
Short Blades   | 1 2 4 5 6 |  6.8
Dodging        | 3 4 |  4.0
Spellcasting   | 2 3 |  3.4
Translocations | 2 3 |  3.9
Necromancy     | |  0.4

Action                     |  1- 3 |  4- 6 |  7- 9 | 10-12 || total
---------------------------+-------+-------+-------+-------++-------
  Melee: War axe           |   100 |       |       |       ||   100
         Punch             |     1 |     1 |     5 |     3 ||    10
         Headbutt          |    18 |    23 |   125 |    72 ||   238
         Short sword       |       |    89 |       |       ||    89
         Dagger            |       |    74 |   487 |   286 ||   847
  Throw: Dart              |       |     9 |     2 |     8 ||    19
         Boomerang         |       |     3 |     8 |     9 ||    20
         Javelin           |       |       |     2 |     1 ||     3
         Throwing net      |       |       |     2 |     3 ||     5
   Cast: Blink             |       |       |       |     1 ||     1
 Invoke: Curse Item        |       |       |     4 |       ||     4
  Evoke: Wand              |       |     1 |       |     8 ||     9
    Use: Potion            |       |       |     1 |     2 ||     3
   Stab: Sleeping          |     9 |     9 |    22 |    10 ||    50
         Distracted        |       |       |     5 |     2 ||     7
         Held in net/web   |       |       |     2 |     1 ||     3
         Invisible         |       |       |       |     1 ||     1
         Paralysed         |       |       |       |     1 ||     1
 Armour: Leather armour    |    54 |   101 |    93 |    78 ||   326
  Dodge: Dodged            |    66 |   112 |   388 |   301 ||   867

Table legend: (Time is in decaauts)
 A = Elapsed time spent in this place.
 B = Non-inter-level travel time spent in this place.
 C = Inter-level travel time spent in this place.
 D = Time resting spent in this place.
 E = Time spent auto-exploring this place.
 F = Levels seen in this place.
 G = Mean time per level.
                   A        B        C        D        E       F      G
               +--------+--------+--------+--------+--------+-----+--------+
         Total |  11300 |  10905 |    395 |   1158 |   6907 |  12 |  941.7 |
       Dungeon |  10297 |   9902 |    395 |    965 |   6529 |  10 | 1029.7 |
         Sewer |    339 |    339 |      0 |      0 |    145 |   1 |  339.0 |
        Bailey |    664 |    664 |      0 |    193 |    232 |   1 |  664.0 |
               +--------+--------+--------+--------+--------+-----+--------+

Top non-repeatable levels by time:
     D:8: 2396 daAuts
     D:4: 1578 daAuts
     D:7: 1090 daAuts
     D:9: 935 daAuts
     D:3: 913 daAuts
     D:6: 894 daAuts
     D:5: 868 daAuts
     D:1: 835 daAuts
     D:2: 690 daAuts
  Bailey: 664 daAuts
   Sewer: 339 daAuts
    D:10: 94 daAuts
